 Dungeon Crawl Stone Soup version 0.23.2-40-g277498a001 (webtiles) character file.

Game seed: 702678215726786673

5000 Descartes the Ruffian (level 10, -3/49 HPs)
             Began as a Vine Stalker Transmuter on Oct 2, 2019.
             Was a Believer of Wu Jian.
             Slain by a killer bee (4 damage)
             ... on level 8 of the Dungeon.
             The game lasted 00:27:29 (8163 turns).

Descartes the Ruffian (Vine Stalker Transmuter)     Turns: 8163, Time: 00:27:30

Health: -3/49      AC: 11    Str: 23      XL:     10   Next: 54%
Magic:  0/18       EV: 12    Int: 15      God:    Wu Jian [**....]
Gold:   393        SH:  0    Dex: 13 (14) Spells: 2/18 levels left

rFire    . . .     SeeInvis .   E - +7 trident "Vaggoi Myup" {pierce, Str+8}
rCold    + . .     Gourm    .   (no shield)
rNeg     . . .     Faith    .   K - +1 scale mail {MR+}
rPois    .         Spirit   +   (no helmet)
rElec    .         Reflect  .   v - +2 cloak
rCorr    .         Harm     .   (no gloves)
MR       ++...                  (no boots)
Stlth    +.........             (no amulet)
HPRegen  0.56/turn              I - ring of protection from cold
MPRegen  0.16/turn              (no ring)

@: lethally poisoned (-3 -> -4), very slightly contaminated
A: fangs 3, regeneration 1, magic shield, antimagic bite, no potion heal 3, rot
immunity
a: Wall Jump, Renounce Religion


You were on level 8 of the Dungeon.
You worshipped Wu Jian.
Wu Jian was pleased with you.
You were not hungry.

You visited 2 branches of the dungeon, and saw 9 of its levels.
You also visited: Sewer.

You collected 393 gold pieces.

Inventory:

Hand Weapons
 E - the +7 trident "Vaggoi Myup" (weapon) {pierce, Str+8}
   (You found it on level 4 of the Dungeon)

   It inflicts extra damage upon your enemies.
   It affects your strength (+8).
Missiles
 a - 165 arrows
 g - 191 stones
 x - 4 javelins (quivered)
 D - 8 tomahawks
 M - 43 poisoned needles
 O - 2 throwing nets
 Q - 8 needles of frenzy
Armour
 b - a +0 robe
 o - a +0 cloak
 p - the -6 pair of boots "Vikosod" {+Inv rCorr Int-3 Dex+5}
   (You found it in a sewer)

   It affects your intelligence (-3).
   It affects your dexterity (+5).
   It lets you turn invisible.
   It provides partial protection from all sources of acid and corrosion.
 s - a +0 pair of gloves
 v - a +2 cloak (worn)
 H - a +0 leather armour
 K - a +1 scale mail of magic resistance (worn)
Jewellery
 I - a ring of protection from cold (left hand)
Wands
 h - a wand of acid (7)
 L - a wand of flame (17)
 N - a wand of iceblast (14)
Scrolls
 c - a scroll of immolation {unknown}
 f - a scroll of blinking
 i - 2 scrolls of enchant armour {unknown}
 k - 3 scrolls of fog
 l - 3 scrolls of remove curse
 q - 2 scrolls of enchant weapon {unknown}
 y - 7 scrolls of teleportation
 z - a scroll of random uselessness {unknown}
 G - 3 scrolls of fear {unknown}
 J - 2 scrolls of amnesia
 P - 4 scrolls of identify
Potions
 e - 2 potions of haste {unknown}
 j - 3 potions of heal wounds {unknown}
 m - 5 potions of curing
 n - a potion of magic {unknown}
 r - 2 potions of agility
 t - a potion of resistance {unknown}
 u - a potion of ambrosia {unknown}
 w - a potion of berserk rage {unknown}
 A - 3 potions of might {unknown}
 B - 4 potions of flight
 C - 2 potions of invisibility
 F - a potion of lignification
 S - a potion of degeneration {unknown}
Comestibles
 d - 20 rations
 R - 4 chunks of flesh


   Skills:
 + Level 4.1 Fighting
 + Level 3.3 Armour
 + Level 4.0 Dodging
 - Level 5.0 Stealth
 * Level 7.0 Unarmed Combat
 + Level 4.8 Spellcasting
 + Level 3.1 Charms
 + Level 1.9 Necromancy
 * Level 6.6 Transmutations
 + Level 3.1 Air Magic
 + Level 3.1 Earth Magic
 + Level 3.5 Evocations


You had 2 spell levels left.
You knew the following spells:

 Your Spells              Type           Power        Failure   Level  Hunger
a - Beastly Appendage     Tmut           ###...       2%          1    None
b - Sticks to Snakes      Tmut           ###.....     4%          2    ##.....
c - Blade Hands           Tmut           ###.......   58%         5    ######.
d - Swiftness             Chrm/Air       ##......     17%         2    ##.....
e - Passwall              Tmut/Erth      ###.....     9%          2    ##.....
f - Regeneration          Chrm/Necr      ##........   38%         3    ###....
g - Infusion              Chrm           ##..         11%         1    None

Your spell library contained the following spells:

 Spells                   Type           Power        Failure   Level  Hunger
 Song of Slaying          Chrm           ##......     17%         2    ##.....
 Shroud of Golubria       Chrm/Tloc      #.........   32%         2    ##.....
 Spider Form              Tmut/Pois      ##........   30%         3    ###....
 Spectral Weapon          Hex/Chrm       #.......     54%         3    ###....
 Ice Form                 Ice/Tmut       ##......     71%         4    ####...
 Lee's Rapid Deconstruct  Erth           ##........   97%         5    ######.
 Passage of Golubria      Tloc           N/A          99%         4    ####...
 Darkness                 Hex            #.........   100%        6    #######
 Invisibility             Hex            #.......     100%        6    #######


Dungeon Overview and Level Annotations

Branches:
Dungeon (8/15)             Temple (1/1) D:6
   Lair: D:8-11

Altars:
Ashenzari
Cheibriados
Dithmenos
Elyvilon
Fedhas
Gozag
Hepliaklqana
Kikubaaqudgha
Makhleb
Nemelex Xobeh
Okawaru
Qazlal
Ru
Sif Muna
Trog
Uskayaw
Vehumet
Wu Jian
Xom
Yredelemnul
Zin
The Shining One
Beogh

Shops:
D:5 =


Innate Abilities, Weirdness & Mutations

You have razor-sharp teeth.
Your natural rate of healing is unusually fast.
When hurt, damage is shared between your health and your magic reserves.
Your bite disrupts and absorbs the magic of your enemies.
Potions cannot restore your health.
You are immune to rotting.


Message History

* * * LOW HITPOINT WARNING * * *
You spin and attack the killer bee.
You puncture the killer bee! Your bite misses the killer bee.
The killer bee is heavily wounded.
You feel sick. The killer bee closely misses you. The killer bee stings you.
You are more poisoned.
The killer bee poisons you!
You feel sick. The killer bee barely misses you.
You feel sick.
You feel sick. The killer bee closely misses you.
You feel sick.
The killer bee stings you but does no damage.
You feel sick. The killer bee stings you.
* * * LOW HITPOINT WARNING * * *
There is a stone staircase leading up here.
You feel sick. The killer bee stings you.
* * * LOW HITPOINT WARNING * * *
The killer bee stings you but does no damage. x2
The killer bee stings you.
You die...

#...............#.###
#.#.# #........Z....
#.#.# #..........#.#
#.#.# #.#.#.###..#.#
#.#.# #...Z.# #..o..
#.#.# #..o..###.#..#
#.#.## #y.#......#...
#....###..o..#####...
##.>.@y##...#.# #...
#.....yyy...#.#####...
##.....###..#.....#...
##...## #..#####.#...
##.## #..#####.#...
#.# #............ #.#
##.......##..
##.######.#####.##..
#.........# #.##..


You could see 4 killer bees.

Vanquished Creatures
  Eustachio (D:4)
  Sigmund (D:6)
  4 hogs (D:8)
  A human (D:8)
  5 orc warriors
  3 sky beasts (D:6)
  An ice beast (D:8)
  A phantom (D:8)
  2 ogres
  A black bear (D:6)
  4 centaurs
  5 bullfrogs
  4 scorpions
  9 killer bees
  2 howler monkeys
  2 vampire bats (D:2)
  2 crimson imps
  A bullfrog zombie (D:6)
  A quasit (D:8)
  4 hounds
  2 jellies
  2 centaur zombies
  A bullfrog skeleton (D:6)
  5 orc priests
  Ijyb (D:4)
  2 iguanas (D:5)
  10 orc wizards
  7 worker ants
  A killer bee zombie (D:8)
  A hound zombie (D:7)
  9 gnolls
  7 adders
  A river rat (D:3)
  2 shadow imps
  4 oozes
  An adder skeleton (D:4)
  8 worms
  A dart slug (D:1)
  3 leopard geckos
  31 orcs
  4 ball pythons
  3 bat skeletons (D:2)
  2 bat zombies (D:2)
  9 giant cockroaches
  6 goblins
  2 hobgoblins
  7 jackals
  4 quokkas
  20 bats
  7 frilled lizards
  2 giant cockroach zombies (D:5)
  A jackal zombie (D:5)
  6 kobolds
  A quokka skeleton (D:5)
  7 rats
234 creatures vanquished.

Notes
Turn   | Place    | Note
-------+----------+-------------------------------------------
     0 | D:1      | Descartes the Vine Stalker Transmuter began the quest for
                  | the Orb.
     0 | D:1      | Reached XP level 1. HP: 9/9 MP: 4/4
   308 | D:1      | Reached skill level 1 in Fighting
   363 | D:1      | Reached XP level 2. HP: 14/14 MP: 4/6
   985 | D:2      | Reached skill level 1 in Stealth
   985 | D:2      | Reached XP level 3. HP: 15/18 MP: 7/7
  1565 | D:2      | Found an ancient bone altar of Kikubaaqudgha.
  1580 | D:2      | Gained mutation: Your natural rate of healing is unusually
                  | fast. [Vine Stalker growth]
  1580 | D:2      | Reached XP level 4. HP: 20/22 MP: 8/8
  1586 | D:2      | Reached skill level 1 in Armour
  1586 | D:2      | Reached XP level 5. HP: 23/25 MP: 9/9
  1881 | D:3      | Found a blossoming altar of Fedhas.
  1907 | D:3      | Found a glowing drain.
  1935 | Sewer    | Entered a sewer
  2451 | Sewer    | Learned a level 2 spell: Sticks to Snakes
  2457 | Sewer    | Learned a level 5 spell: Blade Hands
  2476 | Sewer    | Got a pair of transparent boots
  2482 | Sewer    | Identified the cursed -6 pair of boots "Vikosod" {+Inv
                  | rCorr Int-3 Dex+5} (You found it in a sewer)
  2686 | D:3      | Reached XP level 6. HP: 23/30 MP: 9/11
  2770 | D:3      | Reached skill level 4 in Unarmed Combat
  3308 | D:4      | Got a faintly glowing trident
  3309 | D:4      | Identified the +7 trident "Vaggoi Myup" {pierce, Str+8}
                  | (You found it on level 4 of the Dungeon)
  3336 | D:4      | Noticed Ijyb
  3352 | D:4      | Killed Ijyb
  3558 | D:4      | Reached skill level 1 in Evocations
  3558 | D:4      | Reached XP level 7. HP: 30/35 MP: 10/12
  3862 | D:4      | Noticed Eustachio
  3874 | D:4      | Killed Eustachio
  3879 | D:4      | Found a sparkling altar of Nemelex Xobeh.
  4257 | D:5      | Entered Level 5 of the Dungeon
  4273 | D:5      | Learned a level 2 spell: Swiftness
  4276 | D:5      | Learned a level 2 spell: Passwall
  4310 | D:5      | Reached skill level 5 in Unarmed Combat
  4310 | D:5      | Gained mutation: You have razor-sharp teeth. [Vine Stalker
                  | growth]
  4310 | D:5      | Reached XP level 8. HP: 17/39 MP: 4/14
  4374 | D:5      | Found an ornate altar of the Wu Jian Council.
  4411 | D:5      | Found a shadowy altar of Dithmenos.
  4421 | D:5      | Became a worshipper of the Wu Jian Council
  4451 | D:5      | Found a radiant altar of Vehumet.
  4479 | D:5      | Found Wuxkulong's Jewellery Shoppe.
  4728 | D:5      | Reached skill level 1 in Air Magic
  4728 | D:5      | Reached skill level 1 in Earth Magic
  4843 | D:5      | Reached skill level 1 in Charms
  5095 | D:6      | Reached skill level 5 in Transmutations
  5202 | D:6      | Found a radiant altar of Vehumet.
  5296 | D:6      | Reached XP level 9. HP: 25/44 MP: 9/16
  5606 | D:6      | Noticed Sigmund
  5609 | D:6      | Reached skill level 6 in Unarmed Combat
  5612 | D:6      | Killed Sigmund
  5841 | D:6      | Found a staircase to the Ecumenical Temple.
  5850 | Temple   | Entered the Ecumenical Temple
  6415 | D:7      | Learned a level 3 spell: Regeneration
  6417 | D:7      | Learned a level 1 spell: Infusion
  6465 | D:6      | Reached * piety under Wu Jian
  6857 | D:7      | Found a shattered altar of Ashenzari.
  7137 | D:8      | Reached skill level 1 in Necromancy
  7137 | D:8      | Reached XP level 10. HP: 49/49 MP: 17/17
  7454 | D:8      | Reached skill level 5 in Stealth
  7707 | D:8      | Found a roughly hewn altar of Beogh.
  7874 | D:8      | Reached ** piety under Wu Jian
  8010 | D:8      | Reached skill level 7 in Unarmed Combat
  8163 | D:8      | HP: 1/49 [killer bee (2)]
  8163 | D:8      | Slain by a killer bee

Skill      XL: |  1  2  3  4  5  6  7  8  9 10 |
---------------+-------------------------------+-----
Fighting       | 1 2 3 4 |  4.1
Stealth        | 1 2 3 4 5 |  5.0
Armour         | 1 2 3 |  3.3
Dodging        | 2 3 4 |  4.0
Transmutations | 3 4 5 6 |  6.6
Unarmed Combat | 4 5 6 7 |  7.0
Spellcasting   | 3 4 |  4.8
Evocations     | 1 2 3 |  3.5
Air Magic      | 1 2 3 |  3.1
Earth Magic    | 1 2 3 |  3.1
Charms         | 1 2 3 |  3.1
Necromancy     | 1 |  1.9

Action                   |  1- 3 |  4- 6 |  7- 9 | 10-12 || total
-------------------------+-------+-------+-------+-------++-------
Melee: Unarmed           |   119 |   200 |       |       ||   319
       Bite              |    21 |    60 |    81 |    32 ||   194
       Punch             |     3 |     6 |     8 |     1 ||    18
       Headbutt          |     1 |     3 |     2 |     3 ||     9
       Kick              |       |    22 |     5 |     7 ||    34
       Trident           |       |    34 |   294 |   125 ||   453
 Cast: Beastly Appendage |     8 |    23 |     8 |     5 ||    44
       Swiftness         |       |       |     1 |     2 ||     3
       Sticks to Snakes  |       |       |       |     1 ||     1
Invok: Whirlwind         |       |       |     4 |     3 ||     7
       Lunge             |       |       |     2 |     3 ||     5
 Abil: Wall Jump         |       |       |       |     1 ||     1
  Use: Scroll            |       |    10 |       |       ||    10
       Potion            |       |     2 |       |     2 ||     4
 Stab: Sleeping          |     5 |     4 |     1 |     1 ||    11
  Eat: Chunk             |     2 |     8 |    12 |     3 ||    25
Armor: Robe              |    57 |   135 |     7 |       ||   199
       Skin              |       |     1 |       |       ||     1
       Leather armour    |       |       |     9 |       ||     9
       Scale mail        |       |       |   129 |    75 ||   204
Dodge: Dodged            |   121 |   264 |   230 |   125 ||   740
